 Dungeon Crawl Stone Soup version 0.31-a0-175-g9f7f995f2b (webtiles) character file.

Game seed: 8168094672151622468

3759 qw the Skirmisher (level 10, -3/64 HPs)
             Began as a Gargoyle Hunter on June 17, 2023.
             Was a Follower of Okawaru.
             Killed from afar by a ynoxinul (39 damage)
             ... with an entropic shot
             ... summoned by an obsidian statue
             ... on level 8 of the Dungeon.
             The game lasted 00:02:34 (6686 turns).

qw the Skirmisher (Gargoyle Hunter)                 Turns: 6686, Time: 00:02:35

Health: -3/64      AC:  8    Str: 21    XL:     10   Next: 15%
Magic:  13/13      EV: 16    Int: 10    God:    Okawaru [*.....]
Gold:   446        SH:  0    Dex: 17    Spells: 9/9 levels left

rFire   . . .        p - +4 orcbow (heavy)
rCold   + . .        (shield currently unavailable)
rNeg    + . .        m - +1 leather armour {rC+}
rPois   inf          (no helmet)
rElec   +            l - +0 cloak
rCorr   .            d - +2 pair of gloves
SInv    +            (no boots)
Will    .....        (no amulet)
Stlth   +++          k - ring of see invisible
HPRegen 0.30/turn    o - +6 ring of strength
MPRegen 0.13/turn

%: no passive effects
@: heroic, corroded, mesmerised
A: sickness immunity, AC +7, negative energy resistance 1, electricity
resistance, torment resistance 1, petrification resistance
a: Renounce Religion, Heroism


You were on level 8 of the Dungeon.
You worshipped Okawaru.
Okawaru was aware of your devotion.
You visited 2 branches of the dungeon, and saw 9 of its levels.

You collected 446 gold pieces.


Innate Abilities, Weirdness & Mutations

You are immune to sickness and miasma.
Your stone body is resilient. (AC +7)
You are immune to poison.
You resist negative energy. (rN+)
You are resistant to electric shocks. (rElec)
You are resistant to unholy torment.
You are immune to petrification.


   Skills:
 - Level 8.0(13.0) Fighting
 + Level 11.7(16.7) Ranged Weapons
 - Level 2.1(7.1) Armour
 - Level 3.2(8.2) Dodging
 - Level 1.1(6.1) Stealth
 - Level 4.0 Invocations


You had 9 spell levels left.
You didn't know any spells.
Your spell library was empty.

Inventory:

Hand Weapons
 p - a +4 heavy orcbow (weapon)
Armour
 d - a +2 pair of gloves (worn)
 g - a +2 robe of willpower
 l - a +0 cloak (worn)
 m - a +1 leather armour of cold resistance (worn)
 s - +0 steam dragon scales
Jewellery
 b - a ring of fire
 e - a ring of fire
 k - a ring of see invisible (left hand)
 o - a +6 ring of strength (right hand)
Wands
 t - a wand of digging (6)
Scrolls
 h - a scroll of identify
Potions
 a - a potion of attraction
 c - 2 potions of lignification
 f - 3 potions of curing
 i - a potion of might
 j - 3 potions of mutation

Dungeon Overview and Level Annotations

Branches:
Dungeon (8/15)             Temple (1/1) D:6
   Lair: D:8-11

Altars:
Ashenzari
Cheibriados
Dithmenos
Hepliaklqana
Kikubaaqudgha
Makhleb
Nemelex Xobeh
Okawaru
Qazlal
Ru
Sif Muna
Trog
Uskayaw
Vehumet
Wu Jian
Xom
Yredelemnul
Zin
The Shining One

Annotations:
D:7 1 runed translucent door, Crazy Yiuf


Message History

You shoot an arrow. The arrow hits the rust devil!
The rust devil is moderately wounded.
The ufetubus closely misses you. The ufetubus misses you.
The ufetubus completely misses you. The ufetubus misses you.
The ufetubus closely misses you. The ufetubus misses you.
The rust devil hits you. The rust devil corrodes you!
The obsidian statue's eyes glow briefly.
The ufetubus hits you but does no damage. x2
You shoot an arrow. The arrow barely misses the rust devil.
The ufetubus completely misses you. The ufetubus barely misses you.
The ufetubus closely misses you. x2; The rust devil closely misses you.
The ufetubus misses you. x2
You shoot an arrow. The arrow barely misses the rust devil.
The ufetubus hits you but does no damage.
The ufetubus hits you. The ufetubus misses you. The ufetubus hits you.
The rust devil hits you. The rust devil corrodes you!
The ynoxinul gestures.
The ufetubus hits you. The ufetubus barely misses you.
You shoot an arrow.
The arrow hits the rust devil but does no damage.
The rust devil is moderately wounded.
The ufetubus hits you but does no damage.
The ufetubus completely misses you.
The ufetubus hits you but does no damage.
The ufetubus completely misses you. The rust devil barely misses you.
The ufetubus completely misses you. The ufetubus hits you.
The ynoxinul hits you. The ufetubus closely misses you.
The ufetubus hits you but does no damage.
The ufetubus misses you. The ufetubus closely misses you. x2
The ufetubus barely misses you.
You shoot an arrow. The arrow hits the rust devil.
The rust devil is moderately wounded.
The ufetubus completely misses you. The ufetubus misses you.
The ufetubus closely misses you.
The ufetubus hits you but does no damage.
The ufetubus barely misses you. x2; The rust devil completely misses you.
The ynoxinul gestures at you. The entropic shot hits you!!!
Ouch! That really hurt!
You die...

###################
......5......[(...##
......55...........#
#....54@5.########.#####
###..335####...........#
##...## #>......###.#
#... ........# #.# ##.#
#.......###.# #)
#.....%)..#.# #8
....###.#.#.# ##
...##.....#.#
#...#...)#.#.#


You could see an obsidian statue (mesmerising), a rust devil (summoned), a
neqoxec (summoned), a ynoxinul (summoned) and 6 ufetubi.

Vanquished Creatures
  Pikel (D:7)
  Maggie (D:7)
  A wyvern (D:8)
  3 steam dragons
  Menkaure (D:7)
  Duvessa (D:7)
  2 water moccasins
  2 black bears
  An orc warrior (D:8)
  2 ice beasts
  2 ogres
  A centaur (D:6)
  A lemure (D:7)
  A phantom (D:5)
  A kobold brigand (D:8)
  A scorpion (D:5)
  A gnoll sergeant (D:8)
  5 wights (D:7)
  Dowan (D:7)
  4 killer bees (D:8)
  A howler monkey (D:8)
  3 jellies
  A gnoll bouda (D:5)
  2 orc priests (D:6)
  An iguana (D:6)
  2 sleepcaps
  3 orc wizards
  8 gnolls
  13 adders
  A white imp (D:6)
  2 ufetubi (D:5)
  2 worms
  11 orcs
  3 ball pythons
  3 bats
  8 endoplasms
  A giant cockroach (D:1)
  5 goblins
  7 hobgoblins
  4 jackals (D:4)
  4 quokkas
  5 frilled lizards
  A kobold (D:1)
  10 rats
134 creatures vanquished.

Notes
Turn   | Place    | Note
-------+----------+-------------------------------------------
     0 | D:1      | qw the Gargoyle Hunter began the quest for the Orb.
     0 | D:1      | Reached XP level 1. HP: 12/12 MP: 1/1
     0 | D:1      | 0 ||| qw: Version: 0.3-a-2-g5ab2908
     0 | D:1      | 0 ||| qw: Game counter: 183
     0 | D:1      | 0 ||| qw: Always use a shield: true
     0 | D:1      | 0 ||| qw: God list: Okawaru
     0 | D:1      | 0 ||| qw: Allow faded altars: false
     0 | D:1      | 0 ||| qw: Do Orc after D:15 true
     0 | D:1      | 0 ||| qw: Do second Lair branch before Depths: true
     0 | D:1      | 0 ||| qw: Lair rune preference: random
     0 | D:1      | 0 ||| qw: Plans: Normal, Zot:1-4, Slime:5, God:TSO, Crypt,
                  | Tomb, Abyss, Pan, Hells, Win
     0 | D:1      | 0 ||| PLANNING D:1-11
    91 | D:1      | 91 ||| DROPPING +1 sling of electrocution.
   142 | D:1      | Reached XP level 2. HP: 17/17 MP: 2/2
   732 | D:1      | 732 ||| UPGRADING to +0 ring mail.
   742 | D:1      | 742 ||| DROPPING +0 leather armour.
   743 | D:1      | 743 ||| READING scroll labelled HELAKH ONONU.
   744 | D:1      | 744 ||| READING 2 scrolls labelled TUMUIJ PEUWE.
   745 | D:1      | 745 ||| READING 2 scrolls labelled MEIZ TIMIAPUQ.
   746 | D:1      | 746 ||| READING scroll labelled GULECW ZURIA.
   747 | D:1      | 747 ||| DRINKING 2 black potions.
   748 | D:1      | 748 ||| DROPPING scroll of butterflies.
   880 | D:2      | Reached skill level 1 in Armour
   880 | D:2      | Reached XP level 3. HP: 19/21 MP: 3/3
   927 | D:2      | Reached skill level 5 in Ranged Weapons
   929 | D:2      | Reached XP level 4. HP: 17/27 MP: 4/4
  1208 | D:2      | Reached skill level 3 in Fighting
  1294 | D:2      | 1294 ||| UPGRADING to ring of see invisible.
  1295 | D:2      | 1295 ||| READING scroll labelled VIOXIG FAOH.
  1296 | D:2      | 1296 ||| READING scroll labelled LAITHR HUAGA.
  1297 | D:2      | 1297 ||| READING 2 scrolls of identify.
  1297 | D:2      | 1297 ||| IDENTIFYING fizzy black potion
  1430 | D:3      | Found an ancient bone altar of Kikubaaqudgha.
  1676 | D:3      | Reached XP level 5. HP: 31/32 MP: 5/5
  1721 | D:3      | 1721 ||| UPGRADING to +2 robe of willpower.
  1731 | D:3      | 1731 ||| DROPPING +0 ring mail.
  1732 | D:3      | 1732 ||| DRINKING 2 glowing coppery potions.
  1755 | D:3      | 1755 ||| READING 2 scrolls of identify.
  1755 | D:3      | 1755 ||| IDENTIFYING sedimented cyan potion
  2040 | D:4      | Noticed an ice beast
  2061 | D:4      | Killed an ice beast
  2062 | D:4      | Reached skill level 6 in Ranged Weapons
  2062 | D:4      | Reached XP level 6. HP: 37/37 MP: 6/6
  2637 | D:4      | 2637 ||| READING scroll labelled ZIEGAC QUUNT.
  2638 | D:4      | 2638 ||| READING scroll labelled LOJOZIYHAM.
  2639 | D:4      | 2639 ||| READING scroll labelled USO IF FEKK.
  2671 | D:5      | Entered Level 5 of the Dungeon
  2694 | D:5      | Reached skill level 7 in Ranged Weapons
  2863 | D:5      | Reached XP level 7. HP: 18/44 MP: 7/7
  2867 | D:5      | 2867 ||| FLEEEEING.
  2868 | D:5      | 2868 ||| FLEEEEING.
  2869 | D:5      | 2869 ||| FLEEEEING.
  2870 | D:5      | 2870 ||| FLEEEEING.
  2871 | D:5      | 2871 ||| FLEEEEING.
  2872 | D:5      | 2872 ||| FLEEEEING.
  2873 | D:5      | 2873 ||| FLEEEEING.
  2874 | D:5      | 2874 ||| FLEEEEING.
  2875 | D:5      | 2875 ||| FLEEEEING.
  2876 | D:5      | 2876 ||| FLEEEEING.
  2877 | D:5      | 2877 ||| FLEEEEING.
  2878 | D:5      | 2878 ||| FLEEEEING.
  2879 | D:5      | 2879 ||| FLEEEEING.
  2880 | D:5      | 2880 ||| FLEEEEING.
  2881 | D:5      | 2881 ||| FLEEEEING.
  2882 | D:5      | 2882 ||| FLEEEEING.
  2883 | D:5      | 2883 ||| FLEEEEING.
  2884 | D:5      | 2884 ||| FLEEEEING.
  2885 | D:5      | 2885 ||| FLEEEEING.
  2886 | D:5      | 2886 ||| FLEEEEING.
  2887 | D:5      | 2887 ||| FLEEEEING.
  2889 | D:5      | 2889 ||| FLEEEEING.
  2890 | D:5      | 2890 ||| FLEEEEING.
  2891 | D:5      | 2891 ||| FLEEEEING.
  2892 | D:5      | 2892 ||| FLEEEEING.
  2893 | D:5      | 2893 ||| FLEEEEING.
  2894 | D:5      | 2894 ||| FLEEEEING.
  2895 | D:5      | 2895 ||| STAIRDANCE
  2968 | D:5      | 2968 ||| STAIRDANCE
  3188 | D:5      | Found a basalt altar of Yredelemnul.
  3347 | D:5      | Found a snail-covered altar of Cheibriados.
  3677 | D:5      | 3677 ||| UPGRADING to +0 pair of gloves.
  3682 | D:5      | 3682 ||| READING scroll of enchant armour.
  3682 | D:5      | 3682 ||| ENCHANTING +0 pair of gloves.
  3772 | D:6      | Reached skill level 8 in Ranged Weapons
  3807 | D:6      | Found a sacrificial altar of Ru.
  4104 | D:6      | Reached XP level 8. HP: 49/49 MP: 8/8
  4140 | D:6      | Found a shimmering blue altar of Sif Muna.
  4221 | D:6      | 4221 ||| FLEEEEING.
  4222 | D:6      | 4222 ||| FLEEEEING.
  4391 | D:6      | 4391 ||| Stepping ~*~*~tactically~*~*~ (cloud).
  4392 | D:6      | 4392 ||| Stepping ~*~*~tactically~*~*~ (cloud).
  4411 | D:6      | Reached skill level 9 in Ranged Weapons
  4411 | D:6      | 4411 ||| Stepping ~*~*~tactically~*~*~ (cloud).
  4757 | D:6      | 4757 ||| SWAPPING to +2 heavy orcbow.
  4758 | D:6      | 4758 ||| DROPPING +1 shortbow.
  4784 | D:6      | Reached skill level 6 in Fighting
  4880 | D:6      | Found a staircase to the Ecumenical Temple.
  4881 | D:6      | 4881 ||| PLANNING TEMPLE
  4883 | D:6      | 4883 ||| UPGRADING to +1 leather armour of cold resistance.
  4893 | D:6      | 4893 ||| UPGRADING to +6 ring of strength.
  4894 | D:6      | 4894 ||| READING scroll labelled HEUCZU POSHIAD.
  4895 | D:6      | 4895 ||| READING 2 scrolls of identify.
  4895 | D:6      | 4895 ||| IDENTIFYING sedimented brown potion
  4900 | Temple   | Entered the Ecumenical Temple
  4974 | Temple   | 4974 ||| PLANNING OKAWARU WORSHIP
  5014 | Temple   | Became a worshipper of Warmaster Okawaru
  5015 | Temple   | 5015 ||| PLANNING D:1-11
  5148 | D:6      | Found a hazy altar of Hepliaklqana.
  5249 | D:6      | 5249 ||| UPGRADING to +0 cloak.
  5370 | D:7      | Noticed Pikel
  5377 | D:7      | Killed Pikel
  5377 | D:7      | Reached * piety under Okawaru
  5378 | D:7      | Reached skill level 10 in Ranged Weapons
  5378 | D:7      | Reached XP level 9. HP: 55/55 MP: 9/9
  5378 | D:7      | 5378 ||| INVOKING Heroism.
  5441 | D:7      | Noticed Maggie
  5451 | D:7      | Paralysed by Maggie for 4 turns
  5458 | D:7      | Killed Maggie
  5459 | D:7      | Reached skill level 3 in Dodging
  5533 | D:7      | Noticed Dowan
  5533 | D:7      | Noticed Duvessa
  5534 | D:7      | 5534 ||| INVOKING Heroism.
  5536 | D:7      | Killed Duvessa
  5541 | D:7      | Killed Dowan
  5641 | D:7      | Found a broken altar of Ashenzari.
  5718 | D:7      | Found a stormy altar of Qazlal.
  5774 | D:7      | 5774 ||| READING scroll of enchant armour.
  5774 | D:7      | 5774 ||| ENCHANTING +1 pair of gloves.
  5783 | D:7      | Found a runed translucent door.
  5784 | D:7      | Noticed Crazy Yiuf
  5806 | D:7      | Noticed Menkaure
  5807 | D:7      | 5807 ||| INVOKING Heroism.
  5809 | D:7      | Killed Menkaure
  5810 | D:7      | Reached skill level 3 in Invocations
  5824 | D:7      | Found a sparkling altar of Nemelex Xobeh.
  5827 | D:7      | 5827 ||| READING 2 scrolls of enchant weapon.
  5827 | D:7      | 5827 ||| ENCHANTING +2 heavy orcbow.
  5828 | D:7      | 5828 ||| READING scroll of enchant weapon.
  5828 | D:7      | 5828 ||| ENCHANTING +3 heavy orcbow.
  6134 | D:7      | 6134 ||| DROPPING amulet of magic regeneration.
  6135 | D:7      | 6135 ||| DROPPING ring of magical power.
  6136 | D:7      | 6136 ||| READING scroll labelled NOLAMI JILA.
  6182 | D:7      | 6182 ||| DRINKING 2 viscous amethyst potions.
  6291 | D:7      | 6291 ||| DROPPING potion of berserk rage.
  6322 | D:8      | 6322 ||| INVOKING Heroism.
  6327 | D:8      | 6327 ||| Stepping ~*~*~tactically~*~*~ (outnumbered).
  6343 | D:8      | Reached skill level 11 in Ranged Weapons
  6349 | D:8      | 6349 ||| INVOKING Heroism.
  6353 | D:8      | Reached XP level 10. HP: 35/64 MP: 10/13
  6353 | D:8      | HP: 15/64 [steam dragon/ball of steam (20)]
  6356 | D:8      | 6356 ||| Stepping ~*~*~tactically~*~*~ (cloud).
  6357 | D:8      | 6357 ||| STAIRDANCE
  6574 | D:8      | Reached ** piety under Okawaru
  6626 | D:8      | 6626 ||| INVOKING Heroism.
  6669 | D:8      | Noticed an obsidian statue
  6670 | D:8      | 6670 ||| INVOKING Heroism.
  6675 | D:8      | Noticed a rust devil
  6686 | D:8      | Killed from afar by a ynoxinul

Levels and vault maps discovered:
D:1:      lordsloth_arrival_two_stooges, layout_basic
D:2:      layout_basic
D:3:      layout_rooms, kiku_gazebo_pond_becter
D:4:      layout_basic
D:5:      layout_basic, old_standard_altar, kennysheep_mini,
          kennysheep_generic_room_3
D:6:      layout_loops_corners, mainiacjoe_overflow_six_doors_small,
          nicolae_ru_sacrificial_ziggurat, worldfamousw_hep_ancestral_shrine,
          minmay_temple_entry_proselytizer, serial_rivers,
          chequers_serial_rivers_micro_d, chequers_serial_rivers_micro_c,
          chequers_serial_rivers_room_a, chequers_serial_rivers_marsh,
          chequers_serial_rivers_marsh, chequers_serial_rivers_micro_b,
          skrybe_limestone_x
D:7:      layout_loops_cross, lemuel_crystal_altar,
          mainiacjoe_overflow_alcove_1, mainiacjoe_overflow_surrounded_room,
          uniq_maggie, uniq_pikel, uniq_crazy_yiuf_cottage, uniq_duvessa,
          uniq_menkaure
D:8:      minmay_statue_hallways, layout_loops_ring,
          mainiacjoe_overflow_24_doors, grunt_gozag_breadcrumbs, minmay_bent,
          uniq_prince_ribbit1
Temple:   hellmonk_temple_beads

Skill      XL: |  1  2  3  4  5  6  7  8  9 |
---------------+----------------------------+-----
Armour         | 1 2 |  2.1
Ranged Weapons | 5 6 7 8 10 11 | 11.7
Fighting       | 3 4 5 6 8 |  8.0
Dodging        | 2 3 |  3.2
Invocations    | 4 |  4.0
Stealth        | |  1.1

Action                     |  1- 3 |  4- 6 |  7- 9 | 10-12 || total
---------------------------+-------+-------+-------+-------++-------
   Fire: Shortbow          |    81 |   190 |   182 |       ||   453
         Orcbow            |       |       |    84 |    31 ||   115
 Invoke: Heroism           |       |       |     5 |     2 ||     7
    Use: Scroll            |     4 |     7 |     7 |       ||    18
         Potion            |     1 |     1 |     1 |       ||     3
 Armour: Ring mail         |    13 |    14 |       |       ||    27
         Leather armour    |     4 |       |    18 |    17 ||    39
         Robe              |       |    32 |    56 |       ||    88
  Dodge: Dodged            |    30 |    72 |   146 |    49 ||   297

Table legend:
 A = Non-vault XP
 B = Vault XP
 C = Vault XP percentage of total XP
 D = Non-vault monster count
 E = Vault monster count
 F = Vault count percentage of total count
                 A         B        C        D         E       F
            +---------+---------+-------+---------+---------+-------
      Total |    2979 |    2392 |  44.5 |     117 |      16 |  12.0
            +---------+---------+-------+---------+---------+-------
        D:1 |      27 |       0 |   0.0 |      16 |       0 |   0.0
        D:2 |      91 |       0 |   0.0 |      19 |       0 |   0.0
        D:3 |      72 |       0 |   0.0 |      17 |       0 |   0.0
        D:4 |     318 |       0 |   0.0 |      14 |       0 |   0.0
        D:5 |     323 |     111 |  25.6 |      15 |       2 |  11.8
        D:6 |     868 |      41 |   4.5 |      20 |       1 |   4.8
        D:7 |     545 |    1352 |  71.3 |       9 |       5 |  35.7
        D:8 |     735 |     888 |  54.7 |       7 |       8 |  53.3
            +---------+---------+-------+---------+---------+-------
